 Dungeon Crawl Stone Soup version 0.32-a0-20-ge526923d97 (webtiles) character file.

Game seed: 13670661914859634221

178 jasper the Chopper (level 5, -4/41 HPs)
             Began as a Demonspawn Cinder Acolyte on Jan 17, 2024.
             Was a High Priest of Ignis.
             Killed by nerve-wracking pain
             ... invoked by Grinder
              (6 damage)
             ... on level 3 of the Dungeon.
             The game lasted 00:03:45 (2683 turns).

jasper the Chopper (Demonspawn Cinder Acolyte)      Turns: 2683, Time: 00:03:46

Health: -4/41      AC: 12    Str: 16 (17) XL:     5   Next: 32%
Magic:  5/5        EV:  6    Int: 13 (14) God:    Ignis [*****.]
Gold:   288        SH:  8    Dex:  6 (8)  Spells: 6/6 levels left

rFire   + . .        a - -1 hand axe (flame)
rCold   . . .        f - +1 buckler
rNeg    . . .        t - +0 chain mail
rPois   .            n - +0 helmet
rElec   .            p - +0 cloak
rCorr   .            (no gloves)
SInv    .            (no boots)
Will    .....        (no amulet) Stlth
                     (no ring)
HPRegen 0.26/turn    (no ring)
MPRegen 0.09/turn

%: no passive effects
@: brilliant, attractive
A: thin metallic scales 1, powered by pain 1, condensation shield, low MP 1,
wild magic 1
a: Renounce Religion, Fiery Armour, Foxfire Swarm, Rising Flame


You were on level 3 of the Dungeon.
You worshipped Ignis.
Ignis was extremely pleased with you.
You visited 1 branch of the dungeon, and saw 3 of its levels.

You collected 288 gold pieces.

Inventory:

Hand Weapons
 a - a -1 hand axe of flaming (weapon)
Missiles
 e - 16 stones (quivered)
 m - 2 boomerangs
Armour
 b - a +0 robe
 c - a +0 leather armour
 f - a +1 buckler (worn)
 h - a +0 ring mail
 k - a +0 plate armour
 n - a +0 helmet (worn)
 p - a +0 cloak (worn)
 t - a +0 chain mail (worn)
Scrolls
 l - 2 scrolls of poison {unknown}
 q - a scroll of immolation
 r - a scroll of teleportation {unknown}
Potions
 d - a potion of enlightenment


   Skills:
 - Level 3.0 Fighting
 + Level 5.5 Axes
 - Level 1.0 Spellcasting
 - Level 2.6 Fire Magic


You had 6 spell levels left.
You didn't know any spells.
Your spell library contained the following spells:

 Spells                   Type           Power      Damage    Failure   Level
 Scorch                   Fire           28%        2d6       97%         2
 Lesser Beckoning         Tloc           2%         N/A       100%        2
 Gell's Gravitas          Tloc           1%         N/A       100%        3
 Teleport Other           Tloc           1%         N/A       100%        3


Dungeon Overview and Level Annotations

Branches:
Dungeon (3/15)

Altars:
Fedhas
Ru

Annotations:
D:3 Grinder


Innate Abilities, Weirdness & Mutations

You are partially covered in thin metallic scales. (AC +2)
You sometimes gain a little power by taking damage.
A meltable shield of frost defends you. (SH +4)
Your magical capacity is low. (-10% MP)
Your spells are a little harder to cast, but a little more powerful.


Message History

You barely miss Grinder.
Grinder is lightly wounded.
Grinder gestures at you.
You suddenly lose the ability to move!
Grinder barely misses you. Grinder hits you.
You writhe in agony.
* * * LOW HITPOINT WARNING * * *
You can move again.
You take 5 damage, and have 12/41 hp.
Unknown command.
Unknown command.
Unknown command.
You hit Grinder but do no damage.
Grinder is lightly wounded.
You block Grinder's attack.
Okay, then.
Okay, then.
You hit Grinder. You burn Grinder.
Grinder is heavily wounded.
You block Grinder's attack. x2
You barely miss Grinder.
Grinder is heavily wounded.
Grinder gestures at you. Pain shoots through your body!
* * * LOW HITPOINT WARNING * * *
You take 12 damage, and have 1/41 hp.
MASSIVE DAMAGE!!
You hit Grinder. You burn Grinder.
Grinder is heavily wounded.
Grinder hits you but does no damage.
Okay, then.
Okay, then.
You hit Grinder. You burn Grinder.
Grinder is severely wounded.
Grinder blinks!
Grinder is attracted toward you.
You hit Grinder. You burn Grinder.
Grinder is severely wounded.
Grinder gestures at you. Pain shoots through your body!
You die...
Grinder says, "Now the real fun starts!"

######.#
#......##########
..####.##.......#
................#
♣♣.♣♣♣.♣........######
...♣.#.##.§......#
♣.♣♣♣...##.†......# ♣.
...####..5§....#
...._.. +...@....####
.♣.♣.... #....?.....[.
♣. ♣♣♣.. #.$.......!..
##...#.......
#...#....##♣
#####..♣♣# ..♣ ..♣ ..♣


You could see Grinder.

Vanquished Creatures
  A bullfrog (D:3)
  Terence (D:3)
  An adder (D:2)
  A dart slug (D:3)
  A ribbon worm (D:3)
  6 orcs
  4 ball pythons
  10 bats
  8 endoplasms
  3 giant cockroaches
  8 goblins
  4 hobgoblins
  2 jackals (D:2)
  2 quokkas (D:1)
  5 frilled lizards
  2 kobolds (D:3)
  5 rats
64 creatures vanquished.

Notes
Turn   | Place    | Note
-------+----------+-------------------------------------------
     0 | D:1      | jasper the Demonspawn Cinder Acolyte began the quest for
                  | the Orb.
     0 | D:1      | Reached XP level 1. HP: 18/18 MP: 2/2
   119 | D:1      | Reached skill level 3 in Axes
   249 | D:1      | Gained mutation: A meltable shield of frost defends you.
                  | (SH +4) [demonic ancestry]
   249 | D:1      | Reached XP level 2. HP: 24/24 MP: 3/3
   989 | D:2      | Gained mutation: You sometimes gain a little power by
                  | taking damage. [demonic ancestry]
   989 | D:2      | Reached XP level 3. HP: 23/29 MP: 4/4
  1169 | D:2      | Reached skill level 4 in Axes
  1790 | D:2      | Found a blossoming altar of Fedhas.
  2051 | D:3      | Noticed a bullfrog
  2062 | D:3      | Killed a bullfrog
  2063 | D:3      | Reached skill level 5 in Axes
  2063 | D:3      | Gained mutation: You are partially covered in thin metallic
                  | scales. (AC +2) [demonic ancestry]
  2063 | D:3      | Reached XP level 4. HP: 20/35 MP: 5/5
  2299 | D:3      | Found a blossoming altar of Fedhas.
  2534 | D:3      | Reached XP level 5. HP: 41/41 MP: 6/6
  2541 | D:3      | Noticed Terence
  2558 | D:3      | Killed Terence
  2646 | D:3      | Found a sacrificial altar of Ru.
  2655 | D:3      | Noticed Grinder
  2668 | D:3      | Paralysed by Grinder for 2 turns
  2673 | D:3      | Gained mutation: Your magical capacity is low. (-10% MP)
                  | [potion of mutation]
  2673 | D:3      | Gained mutation: Your spells are a little harder to cast,
                  | but a little more powerful. [potion of mutation]
  2675 | D:3      | Paralysed by Grinder for 3 turns
  2680 | D:3      | HP: 1/41 [Grinder/nerve-wracking pain (12)]
  2683 | D:3      | Killed from afar by Grinder

Illustrated notes

Levels and vault maps discovered:
D:1:      ncdulo_halloftheorcs, layout_basic, nicolae_twisty_statue_hallways
D:2:      layout_loops_corners, basic_altar, skrybe_limestone_x,
          minmay_quantized
D:3:      layout_basic, mainiacjoe_overflow_large_starburst,
          amcnicky_altar_gilded, zin_treasury, serial_shops,
          nicolae_square_shop, dilly_ecumenical_altar_fadedgnrine,
          hangedman_decor_lopped, minmay_fractal_squares_diagonal_5,
          uniq_grinder, uniq_terence

Skill      XL: |  1  2  3 |
---------------+----------+-----
Axes           | 3 5 |  5.5
Fighting       | |  3.0
Spellcasting   | |  1.0
Fire Magic     | |  2.6

Action                     |  1- 3 |  4- 6 || total
---------------------------+-------+-------++-------
  Melee: Hand axe          |   147 |    63 ||   210
 Invoke: Fiery Armour      |       |     1 ||     1
    Use: Scroll            |     5 |       ||     5
         Potion            |       |     5 ||     5
 Armour: Leather armour    |    23 |       ||    23
         Ring mail         |    52 |    24 ||    76
         Chain mail        |       |    11 ||    11
         Skin              |       |     1 ||     1
  Dodge: Dodged            |    74 |    26 ||   100
  Block: Buckler           |    61 |    34 ||    95

Table legend: (Time is in decaauts)
 A = Elapsed time spent in this place.
 B = Non-inter-level travel time spent in this place.
 C = Inter-level travel time spent in this place.
 D = Time resting spent in this place.
 E = Time spent auto-exploring this place.
 F = Levels seen in this place.
 G = Mean time per level.
                   A        B        C        D        E       F      G
               +--------+--------+--------+--------+--------+-----+--------+
         Total |   2716 |   2673 |     43 |      0 |   2028 |   3 |  905.3 |
       Dungeon |   2716 |   2673 |     43 |      0 |   2028 |   3 |  905.3 |
               +--------+--------+--------+--------+--------+-----+--------+

Top non-repeatable levels by time:
     D:2: 1076 daAuts
     D:1: 950 daAuts
     D:3: 690 daAuts
